TOP OF THE 1ST |
Southern Maryland Blue Crabs batting - Pitching for Detroit Red Wings : RHP Chris Wilkerson
|
Pitching: RHP Chris Wilkerson
|
|
Batting: LHB Eric Jackson
|
0-0: Foul Ball, location: 2F 0-1: Ball 1-1: Ball 2-1: Foul Ball, location: 2F 2-2: SINGLE (Line Drive, 6D, EV 95.0 MPH)
|
Batting: RHB Steve Jones
|
0-0: Ball 1-0: Foul Ball, location: 2F 1-1: Swinging Strike 1-2: Fly out, F3 (Popup, 34, EV 68.8 MPH)
|
Batting: RHB Daniel Jackson
|
0-0: Ball 1-0: SINGLE (Flyball, 5D, EV 95.6 MPH) Eric Jackson to second
|
Batting: RHB Tony Godley
|
0-0: Ball 1-0: Fly out, F8 (Flyball, 8LM, EV 85.0 MPH)
|
Batting: RHB Ismael Macedo
|
0-0: Ball 1-0: Ball 2-0: Ball 3-0: Called Strike 3-1: Foul Ball, location: 2F 3-2: Base on Balls Eric Jackson to third Daniel Jackson to second
|
Batting: RHB Honório Szenes
|
0-0: Ball 1-0: Ball 2-0: Called Strike 2-1: Swinging Strike 2-2: TRIPLE (Groundball, 3L, EV 109.4 MPH) Eric Jackson scores Daniel Jackson scores Ismael Macedo scores
|
Batting: RHB Mike Pitts
|
0-0: Fly out, F7 (Flyball, 78M, EV 86.9 MPH)
|
Top of the 1st over - 3 runs, 3 hits, 0 errors, 1 left on base; Southern Maryland 3 - Detroit 0 |
BOTTOM OF THE 1ST |
Detroit Red Wings batting - Pitching for Southern Maryland Blue Crabs : RHP Jason Turley
|
Pitching: RHP Jason Turley
|
|
Batting: LHB George Moran
|
0-0: Fly out, F7 (Line Drive, 7, EV 93.1 MPH)
|
Batting: RHB Carlos Armenteros
|
0-0: Fly out, F9 (Line Drive, 9, EV 105.0 MPH)
|
Batting: RHB Tony Murray
|
0-0: Swinging Strike 0-1: Swinging Strike 0-2: Ball 1-2: Foul Ball, location: 2F 1-2: Ground out 6-3 (Groundball, 6, EV 90.6 MPH)
|
Bottom of the 1st over - 0 runs, 0 hits, 0 errors, 0 left on base; Southern Maryland 3 - Detroit 0 |
TOP OF THE 2ND |
Southern Maryland Blue Crabs batting - Pitching for Detroit Red Wings : RHP Chris Wilkerson
|
Batting: RHB Ray Sims
|
0-0: Fly out, F8 (Flyball, 8RD, EV 103.1 MPH)
|
Batting: SHB Chris Wright
|
0-0: Ball 1-0: Fly out, F2 (Popup, 25F, EV 79.4 MPH)
|
Batting: LHB Eric Jackson
|
0-0: Called Strike 0-1: SINGLE (Line Drive, 34D, EV 98.1 MPH)
|
Batting: RHB Steve Jones
|
0-0: Ball 1-0: Ball 2-0: Fly out, F9 (Flyball, 9LM, EV 84.4 MPH)
|
Top of the 2nd over - 0 runs, 1 hit, 0 errors, 1 left on base; Southern Maryland 3 - Detroit 0 |
BOTTOM OF THE 2ND |
Detroit Red Wings batting - Pitching for Southern Maryland Blue Crabs : RHP Jason Turley
|
Batting: RHB Tony Nunez
|
0-0: Ball 1-0: Called Strike 1-1: Called Strike 1-2: Ball 2-2: Ball 3-2: Strikes out swinging
|
Batting: LHB Glen Boyle
|
0-0: Called Strike 0-1: Ball 1-1: Ball 2-1: Fly out, F8 (Flyball, 8RD, EV 88.8 MPH)
|
Batting: RHB Willie Ochoa
|
0-0: Ball 1-0: Called Strike 1-1: Foul Ball, location: 2F 1-2: Ball 2-2: Strikes out swinging
|
Bottom of the 2nd over - 0 runs, 0 hits, 0 errors, 0 left on base; Southern Maryland 3 - Detroit 0 |
TOP OF THE 3RD |
Southern Maryland Blue Crabs batting - Pitching for Detroit Red Wings : RHP Chris Wilkerson
|
Batting: RHB Daniel Jackson
|
0-0: Ball 1-0: Ball 2-0: Ball 3-0: Called Strike 3-1: Base on Balls
|
Batting: RHB Tony Godley
|
0-0: Called Strike 0-1: Foul Ball, location: 2F 0-2: Foul Ball, location: 2F 0-2: Strikes out looking
|
Batting: RHB Ismael Macedo
|
0-0: Foul Ball, location: 2F 0-1: Foul Ball, location: 2F 0-2: Strikes out swinging
|
Batting: RHB Honório Szenes
|
0-0: Ball 1-0: Ball 2-0: Called Strike 2-1: Fly out, F8 (Flyball, 8RD, EV 108.8 MPH)
|
Top of the 3rd over - 0 runs, 0 hits, 0 errors, 1 left on base; Southern Maryland 3 - Detroit 0 |
BOTTOM OF THE 3RD |
Detroit Red Wings batting - Pitching for Southern Maryland Blue Crabs : RHP Jason Turley
|
Batting: LHB Steve Herrera
|
0-0: Called Strike 0-1: Fly out, F8 (Flyball, 8RXD, EV 101.9 MPH)
|
Batting: LHB Isao Fukui
|
0-0: SOLO HOME RUN (Flyball, 8RXD, EV 115.0 MPH), Distance : 458 ft
|
Batting: SHB Eisse Wijnja
|
0-0: Called Strike 0-1: Swinging Strike 0-2: Foul Ball, location: 2F 0-2: Foul Ball, location: 2F 0-2: SINGLE (Line Drive, 9LS, EV 101.9 MPH)
|
Batting: LHB George Moran
|
0-0: Ball 1-0: Foul Ball, location: 2F 1-1: Swinging Strike 1-2: Foul Ball, location: 2F 1-2: Foul Ball, location: 2F 1-2: Foul Ball, location: 2F 1-2: Grounds into double play, 4-6-3 (Groundball, 34, EV 84.4 MPH)
|
Bottom of the 3rd over - 1 run, 2 hits, 0 errors, 0 left on base; Southern Maryland 3 - Detroit 1 |
TOP OF THE 4TH |
Southern Maryland Blue Crabs batting - Pitching for Detroit Red Wings : RHP Chris Wilkerson
|
Batting: RHB Mike Pitts
|
0-0: Ball 1-0: Foul Ball, location: 2F 1-1: Ball 2-1: SINGLE (Line Drive, 6D, EV 104.4 MPH)
|
Batting: RHB Ray Sims
|
0-0: Called Strike 0-1: Foul Ball, location: 2F 0-2: TRIPLE (Flyball, 9LM, EV 100.0 MPH) Mike Pitts scores
|
Batting: SHB Chris Wright
|
0-0: Foul Ball, location: 2F 0-1: Called Strike 0-2: Ball 1-2: DOUBLE (Line Drive, 7LS, EV 108.1 MPH) Ray Sims scores
|
Batting: LHB Eric Jackson
|
0-0: Fly out, F3 (Popup, 23F, EV 87.5 MPH)
|
Batting: RHB Steve Jones
|
0-0: Ball 1-0: Ball 2-0: Ground out 5-3 (Groundball, 56, EV 101.9 MPH)
|
Batting: RHB Daniel Jackson
|
0-0: Ball 1-0: Ball 2-0: Called Strike 2-1: Ball 3-1: Base on Balls
|
Batting: RHB Tony Godley
|
0-0: Fielders Choice at 2nd, U6 (Groundball, 6M, EV 80.6 MPH)
|
Top of the 4th over - 2 runs, 3 hits, 0 errors, 2 left on base; Southern Maryland 5 - Detroit 1 |
BOTTOM OF THE 4TH |
Detroit Red Wings batting - Pitching for Southern Maryland Blue Crabs : RHP Jason Turley
|
Batting: RHB Carlos Armenteros
|
0-0: SINGLE (Flyball, 3D, EV 100.6 MPH) - OUT at second base trying to stretch hit.
|
Batting: RHB Tony Murray
|
0-0: Ball 1-0: Called Strike 1-1: SINGLE (Line Drive, 9LM, EV 102.5 MPH)
|
Batting: RHB Tony Nunez
|
0-0: Ball 1-0: Ball 2-0: SINGLE (Line Drive, 89S, EV 97.5 MPH) Tony Murray to second Runner from 2nd tries for 3rd, SAFE, throw by RF made to third
|
Batting: LHB Glen Boyle
|
0-0: Called Strike 0-1: Ball 1-1: Ball 2-1: Foul Ball, location: 2F 2-2: Fly out, F3 (Line Drive, 3, EV 64.4 MPH)
|
Batting: RHB Willie Ochoa
|
0-0: Called Strike 0-1: Swinging Strike 0-2: Foul Ball, location: 2F 0-2: Strikes out looking
|
Bottom of the 4th over - 0 runs, 3 hits, 0 errors, 2 left on base; Southern Maryland 5 - Detroit 1 |
TOP OF THE 5TH |
Southern Maryland Blue Crabs batting - Pitching for Detroit Red Wings : RHP Chris Wilkerson
|
Batting: RHB Ismael Macedo
|
0-0: Ground out 4-3 (Groundball, 4M, EV 85.0 MPH)
|
Batting: RHB Honório Szenes
|
0-0: Called Strike 0-1: Ball 1-1: Foul Ball, location: 2F 1-2: Ground out 4-3 (Groundball, 4M, EV 96.3 MPH)
|
Batting: RHB Mike Pitts
|
0-0: Ball 1-0: Fly out, F8 (Line Drive, 8RM, EV 107.5 MPH)
|
Top of the 5th over - 0 runs, 0 hits, 0 errors, 0 left on base; Southern Maryland 5 - Detroit 1 |
BOTTOM OF THE 5TH |
Detroit Red Wings batting - Pitching for Southern Maryland Blue Crabs : RHP Jason Turley
|
Batting: LHB Steve Herrera
|
0-0: Called Strike 0-1: Ball 1-1: Ball 2-1: Foul Ball, location: 2F 2-2: Ball 3-2: SINGLE (Flyball, 56D, EV 88.8 MPH)
|
Batting: LHB Isao Fukui
|
0-0: TRIPLE (Line Drive, 78XD, EV 106.3 MPH) Steve Herrera scores
|
Batting: SHB Eisse Wijnja
|
0-0: Called Strike 0-1: Ball 1-1: SINGLE (Groundball, 6M, EV 98.1 MPH) (infield hit) Isao Fukui scores
|
Batting: LHB George Moran
|
0-0: Called Strike 0-1: Foul Ball, location: 2F 0-2: Ball 1-2: Strikes out looking
|
Batting: RHB Carlos Armenteros
|
0-0: Grounds into double play, 4-6-3 (Groundball, 4S, EV 83.1 MPH)
|
Bottom of the 5th over - 2 runs, 3 hits, 0 errors, 0 left on base; Southern Maryland 5 - Detroit 3 |
TOP OF THE 6TH |
Southern Maryland Blue Crabs batting - Pitching for Detroit Red Wings : RHP Chris Wilkerson
|
Batting: RHB Ray Sims
|
0-0: Swinging Strike 0-1: Ball 1-1: Ball 2-1: Ball 3-1: Base on Balls
|
Batting: SHB Chris Wright
|
0-0: Foul Ball, location: 2F 0-1: SINGLE (Flyball, 8RS, EV 97.5 MPH) Ray Sims to second
|
Batting: LHB Eric Jackson
|
0-0: Ball 1-0: Ball 2-0: Ball 3-0: Base on Balls Ray Sims to third Chris Wright to second
|
Batting: RHB Steve Jones
|
0-0: Called Strike 0-1: Fly out, F8 (Flyball, 78D, EV 91.9 MPH) Runner from 3rd tags up, OUT at HOME! 8-2 Chris Wright to third Eric Jackson to second
|
Batting: RHB Daniel Jackson
|
0-0: Ball Wild Pitch! Chris Wright scores Eric Jackson to third 1-0: Called Strike 1-1: Ball 2-1: Called Strike 2-2: Ball 3-2: Fly out, F9 (Line Drive, 9, EV 96.9 MPH)
|
Top of the 6th over - 1 run, 1 hit, 0 errors, 1 left on base; Southern Maryland 6 - Detroit 3 |
BOTTOM OF THE 6TH |
Detroit Red Wings batting - Pitching for Southern Maryland Blue Crabs : RHP Jason Turley
|
Batting: RHB Tony Murray
|
0-0: SINGLE (Line Drive, 6D, EV 103.8 MPH)
|
Batting: RHB Tony Nunez
|
0-0: Ball 1-0: Foul Ball, location: 2F 1-1: Ball 2-1: Ball 3-1: Grounds into double play, 4-6-3 (Groundball, 4, EV 85.6 MPH)
|
Batting: LHB Glen Boyle
|
0-0: Called Strike 0-1: Ball 1-1: Foul Ball, location: 2F 1-2: Ball 2-2: Fly out, F8 (Line Drive, 8LD, EV 87.5 MPH)
|
Bottom of the 6th over - 0 runs, 1 hit, 0 errors, 0 left on base; Southern Maryland 6 - Detroit 3 |
TOP OF THE 7TH |
Southern Maryland Blue Crabs batting - Pitching for Detroit Red Wings : RHP Chris Wilkerson
|
Batting: RHB Tony Godley
|
0-0: Foul Ball, location: 2F 0-1: Ball 1-1: Called Strike 1-2: Strikes out looking
|
Batting: RHB Ismael Macedo
|
0-0: Called Strike 0-1: Swinging Strike 0-2: Strikes out swinging
|
Batting: RHB Honório Szenes
|
0-0: Ball 1-0: Ball 2-0: Called Strike 2-1: Swinging Strike 2-2: Ground out 6-3 (Groundball, 6, EV 90.6 MPH)
|
Top of the 7th over - 0 runs, 0 hits, 0 errors, 0 left on base; Southern Maryland 6 - Detroit 3 |
BOTTOM OF THE 7TH |
Detroit Red Wings batting - Pitching for Southern Maryland Blue Crabs : RHP Jason Turley
|
Pitching: RHP Tim Bemish
|
|
Batting: RHB Willie Ochoa
|
0-0: Ball 1-0: Called Strike 1-1: Ball 2-1: Foul Ball, location: 2F 2-2: Fly out, F7 (Flyball, 7LS, EV 94.4 MPH)
|
Batting: LHB Steve Herrera
|
0-0: Ball 1-0: Foul Ball, location: 2F 1-1: Ball 2-1: Ball 3-1: Foul Ball, location: 2F 3-2: Strikes out looking
|
Batting: LHB Isao Fukui
|
0-0: Fly out, F7 (Flyball, 7S, EV 84.4 MPH)
|
Bottom of the 7th over - 0 runs, 0 hits, 0 errors, 0 left on base; Southern Maryland 6 - Detroit 3 |
TOP OF THE 8TH |
Southern Maryland Blue Crabs batting - Pitching for Detroit Red Wings : RHP Chris Wilkerson
|
Batting: RHB Mike Pitts
|
0-0: Ball 1-0: Fly out, F8 (Line Drive, 8LD, EV 99.4 MPH)
|
Batting: RHB Ray Sims
|
0-0: Called Strike 0-1: Ball 1-1: Fly out, F7 (Flyball, 78S, EV 88.1 MPH)
|
Batting: SHB Chris Wright
|
0-0: Ball 1-0: Foul Ball, location: 2F 1-1: SINGLE (Groundball, 25, EV 63.1 MPH) (infield hit)
|
Batting: LHB Eric Jackson
|
0-0: Ball 1-0: Ball 2-0: Ball 3-0: Called Strike 3-1: Base on Balls Chris Wright to second
|
Batting: RHB Steve Jones
|
0-0: Called Strike 0-1: Called Strike 0-2: DOUBLE (Line Drive, 78XD, EV 97.5 MPH) Chris Wright scores Eric Jackson to third Runner from 3rd tries for Home, SAFE, throw by CF to home
|
Pitching: RHP Jamie Christian
|
|
Batting: RHB Daniel Jackson
|
0-0: Foul Ball, location: 2F 0-1: Fly out, F8 (Flyball, 8LXD, EV 108.1 MPH)
|
Top of the 8th over - 2 runs, 2 hits, 0 errors, 1 left on base; Southern Maryland 8 - Detroit 3 |
BOTTOM OF THE 8TH |
Detroit Red Wings batting - Pitching for Southern Maryland Blue Crabs : RHP Tim Bemish
|
Batting: SHB Eisse Wijnja
|
0-0: Foul Ball, location: 2F 0-1: Swinging Strike 0-2: Ball 1-2: Foul Ball, location: 2F 1-2: Strikes out swinging
|
Batting: LHB George Moran
|
0-0: Foul Ball, location: 2F 0-1: Ball 1-1: Called Strike 1-2: Ball 2-2: Strikes out swinging
|
Batting: RHB Carlos Armenteros
|
0-0: Called Strike 0-1: Ground out 5-3 (Groundball, 56, EV 99.4 MPH)
|
Bottom of the 8th over - 0 runs, 0 hits, 0 errors, 0 left on base; Southern Maryland 8 - Detroit 3 |
TOP OF THE 9TH |
Southern Maryland Blue Crabs batting - Pitching for Detroit Red Wings : RHP Jamie Christian
|
Batting: RHB Tony Godley
|
0-0: Ball 1-0: Called Strike 1-1: Ball 2-1: SINGLE (Groundball, 4MD, EV 106.3 MPH)
|
Batting: RHB Ismael Macedo
|
0-0: SINGLE (Flyball, 6D, EV 85.6 MPH) Tony Godley to second
|
Batting: RHB Honório Szenes
|
0-0: Called Strike 0-1: Ball 1-1: Ball 2-1: Foul Ball, location: 2F 2-2: Foul Ball, location: 2F 2-2: Fly out, F8 (Line Drive, 8LM, EV 93.1 MPH)
|
Batting: RHB Mike Pitts
|
0-0: Fly out, F7 (Flyball, 7LM, EV 108.8 MPH)
|
Batting: RHB Ray Sims
|
0-0: Called Strike 0-1: Ball 1-1: Fly out, F7 (Flyball, 7S, EV 85.6 MPH)
|
Top of the 9th over - 0 runs, 2 hits, 0 errors, 2 left on base; Southern Maryland 8 - Detroit 3 |
BOTTOM OF THE 9TH |
Detroit Red Wings batting - Pitching for Southern Maryland Blue Crabs : RHP Tim Bemish
|
Batting: RHB Tony Murray
|
0-0: Called Strike 0-1: Foul Ball, location: 2F 0-2: Strikes out looking
|
Batting: RHB Tony Nunez
|
0-0: Swinging Strike 0-1: Foul Ball, location: 2F 0-2: Strikes out looking
|
Batting: LHB Glen Boyle
|
0-0: Ball 1-0: Ball 2-0: Foul Ball, location: 2F 2-1: Foul Ball, location: 2F 2-2: Ball 3-2: SINGLE (Flyball, 8LS, EV 92.5 MPH)
|
Batting: RHB Willie Ochoa
|
0-0: Ball 1-0: Ground out U3 (Groundball, 34S, EV 80.0 MPH)
|
Bottom of the 9th over - 0 runs, 1 hit, 0 errors, 1 left on base; Southern Maryland 8 - Detroit 3 |
|